 Dungeon Crawl Stone Soup version 0.29-a0-330-g52719c12eb (webtiles) character file.

Game seed: 2428687262580229038

32 HoaS the Bolt Thrower (level 3, -3/21 HPs)
             Began as a Kobold Hunter on May 18, 2022.
             Slain by Sigmund
             ... wielding a +1 scythe of flaming
              (4 damage)
             ... on level 3 of the Dungeon.
             The game lasted 00:03:19 (1502 turns).

HoaS the Bolt Thrower (Kobold Hunter)               Turns: 1502, Time: 00:03:19

Health: -3/21      AC:  8    Str:  8    XL:     3   Next: 45%
Magic:  3/3        EV: 13    Int: 10    God:
Gold:   133        SH:  0    Dex: 26    Spells: 2/2 levels left

rFire   . . .      SeeInvis .   a - +1 hand crossbow
rCold   . . .      Faith    .   (no shield)
rNeg    . . .      Spirit   .   l - +0 ring mail
rPois   +          Reflect  .   (no helmet)
rElec   .          Harm     .   h - +2 cloak
rCorr   .          Rampage  .   (no gloves)
Will    .....                   (no boots)
Stlth   +.........              (no amulet)
HPRegen 0.07/turn               e - ring of poison resistance
MPRegen 0.08/turn               o - +6 ring of dexterity

@: confused, mighty
A: small, no large weapons, nightstalker 3
a: no special abilities


You were on level 3 of the Dungeon.
You visited 1 branch of the dungeon, and saw 3 of its levels.

You collected 133 gold pieces.

Inventory:

Hand Weapons
 a - a +1 hand crossbow (weapon)
Armour
 h - a +2 cloak (worn)
 l - a +0 ring mail (worn)
Jewellery
 e - a ring of poison resistance (left hand)
 o - a +6 ring of dexterity (right hand)
Scrolls
 c - 2 scrolls of immolation
Potions
 b - a potion of mutation {unknown}
 d - 3 potions of attraction {unknown}
 g - a potion of resistance {unknown}
 i - a potion of might
 j - a potion of lignification {unknown}
 k - a potion of flight {unknown}
 m - a potion of berserk rage {unknown}
 n - 2 potions of curing {unknown}


   Skills:
 - Level 2.1 Fighting
 + Level 6.7 Crossbows
 - Level 2.4 Dodging
 - Level 1.3 Stealth


You had 2 spell levels left.
You didn't know any spells.
Your spell library contained the following spells:

 Spells                   Type           Power      Damage    Failure   Level
 Slow                     Hex            0%         N/A       75%         1
 Confusing Touch          Hex            0%         N/A       98%         3
 Ignite Poison            Fire/Tmut/Pois 0%         N/A       98%         3
 Mephitic Cloud           Conj/Pois/Air  0%         N/A       98%         3
 Vampiric Draining        Necr           0%         2d6       98%         3
 Fulminant Prism          Conj/Hex       0%         3d6       100%        4
 Iskenderun's Mystic Bla  Conj/Tloc      0%         2d3       100%        4
 Freezing Cloud           Conj/Ice/Air   0%         6-21      100%        5
 Lee's Rapid Deconstruct  Erth           0%         3d5*      100%        5


Dungeon Overview and Level Annotations

Branches:
Dungeon (3/15)

Altars:

Annotations:
D:3 Sigmund


Innate Abilities, Weirdness & Mutations

You are small and have problems with some larger weapons.
You are completely attuned to the shadows.


Message History

Sigmund says, "You will soon forget everything."
You are too injured to fight recklessly!
Shoot: a) +1 hand crossbow
Press: ? - help, Q - select action Shift-Dir - straight line, f/p - Sigmund
Aim: Sigmund, wielding a +1 scythe of flaming and wearing a +0 robe (heavily wounded, 68% to hit)
You shoot a bolt. The bolt hits Sigmund!
Sigmund is severely wounded.
Sigmund closely misses you.
Shoot: a) +1 hand crossbow
Press: ? - help, Q - select action Shift-Dir - straight line, f/p - Sigmund
Aim: Sigmund, wielding a +1 scythe of flaming and wearing a +0 robe (severely wounded, 68% to hit)
Okay, then.
You feel much better.
Sigmund hits you from afar with a +1 scythe of flaming!
Sigmund burns you.
Shoot: a) +1 hand crossbow
Press: ? - help, Q - select action Shift-Dir - straight line, f/p - Sigmund
Aim: Sigmund, wielding a +1 scythe of flaming and wearing a +0 robe (severely wounded, 68% to hit)
You shoot a bolt. The bolt barely misses Sigmund.
Shoot: a) +1 hand crossbow
Press: ? - help, Q - select action Shift-Dir - straight line, f/p - Sigmund
Aim: Sigmund, wielding a +1 scythe of flaming and wearing a +0 robe (severely wounded, 68% to hit)
You shoot a bolt.
The bolt hits Sigmund but does no damage.
Sigmund is severely wounded.
Sigmund gestures wildly while chanting.
Sigmund flickers and vanishes!
Deactivating autopickup; reactivate with Ctrl-A.
You hear some strange, mumbled words.
A puff of flame appears from out of thin air!
The puff of flame hits you!
* * * LOW HITPOINT WARNING * * *
Shoot: a) +1 hand crossbow
Press: ? - help, Q - select action Shift-Dir - straight line You shoot a bolt.
You hear some strange, mumbled words.
You are confused.
Okay, then.
You bump into the rock wall.
Something hits you.
You die...

#..............# #
#..............# #
#..............###
#.................
#.########'#'#####
#.# #.#...... #.#
#.####### #†# #.#
# #@# #.# #†# #.#
#.# #.# #.# #.#
#.########.#
#).........#
##########.# ###


There were no monsters in sight!

Vanquished Creatures
  A worm (D:2)
  3 dart slugs
  An endoplasm (D:2)
  2 goblins
  A hobgoblin (D:1)
  5 jackals
  A ball python (D:1)
  4 bats
  2 frilled lizards
  3 kobolds (D:1)
  2 rats (D:1)
25 creatures vanquished.

Notes
Turn   | Place    | Note
-------+----------+-------------------------------------------
     0 | D:1      | HoaS the Kobold Hunter began the quest for the Orb.
     0 | D:1      | Reached XP level 1. HP: 12/12 MP: 1/1
   234 | D:1      | Reached XP level 2. HP: 17/17 MP: 2/2
   238 | D:1      | Found a faded altar of an unknown god.
   340 | D:1      | Reached skill level 6 in Crossbows
   829 | D:2      | Reached XP level 3. HP: 21/21 MP: 3/3
  1483 | D:3      | Noticed Sigmund
  1499 | D:3      | HP: 1/21 [something/puff of flame (9)]
  1502 | D:3      | Slain by Sigmund

Illustrated notes

Levels and vault maps discovered:
D:1:      psy_arrival_spokes, layout_basic, hellmonk_ecumenical_altar_dog_temple
D:2:      layout_rooms, hangedman_glass_teeth, minmay_door_square,
          minmay_misc_feat_nine_boxes
D:3:      layout_basic, lemuel_round_altar, uniq_sigmund

Skill      XL: |  1  2 |
---------------+-------+-----
Crossbows      | 6 |  6.7
Fighting       | |  2.1
Dodging        | |  2.4
Stealth        | |  1.3

Action                   || total
-------------------------++-------
 Fire: Hand crossbow     ||    58
  Use: Scroll            ||     7
       Potion            ||     2
Armor: Leather armour    ||     3
       Ring mail         ||     4
Dodge: Dodged            ||    14

Table legend: (Time is in decaauts)
 A = Elapsed time spent in this place.
 B = Non-inter-level travel time spent in this place.
 C = Inter-level travel time spent in this place.
 D = Time resting spent in this place.
 E = Time spent auto-exploring this place.
 F = Levels seen in this place.
 G = Mean time per level.
                   A        B        C        D        E       F      G
               +--------+--------+--------+--------+--------+-----+--------+
         Total |   1518 |   1436 |     82 |      0 |   1246 |   3 |  506.0 |
       Dungeon |   1518 |   1436 |     82 |      0 |   1246 |   3 |  506.0 |
               +--------+--------+--------+--------+--------+-----+--------+

Top non-repeatable levels by time:
     D:1: 763 daAuts
     D:2: 599 daAuts
     D:3: 155 daAuts
